Map: Ascension to Aiur LE

Players

deMaar - Winner!

  • Race: Zerg Zerg
  • League: Gold
  • Spawn Location: 5:00

Jake

  • Race: Terran Terran
  • Spawn Location: 11:00

VOD

Have the link to the VOD?

Description

Time

  • Played on: Sept. 7, 2017, 6:50 a.m.
  • Length: 18:44
Show
View Real Time Build Order
Export as new Build Order

deMaar Zerg - Winner!

Build Orders: Pool First 

Get SALT Encoding   

  12  0:04  Drone  
  13  0:11  Drone  
  14  0:28  Overlord  
  14  0:35  Spawning Pool  
  14  0:42  Extractor  
  12  0:44  Drone  
  13  0:51  Drone  
  13  0:54  Drone  
  15  0:58  Drone  
  16  1:22  Hatchery  
  15  1:27  Zergling x2  
  15  1:28  Drone  
  17  1:38  Queen  
  19  1:51  Drone x3  
  22  2:07  Overlord  
  22  2:35  Hatchery  
  21  2:48  Roach Warren  
  21  2:50  Extractor  
  21  2:51  Drone x3  
  22  2:55  Queen  
  24  3:00  Drone  
  24  3:05  Drone  
  26  3:08  Drone  
  27  3:21  Drone x2  
  27  3:22  Drone  
  27  3:24  Drone  
  30  3:35  Drone x3  
  33  3:50  Drone x3  
  33  3:51  Evolution Chamber, Drone  
  36  3:56  Drone  
  36  4:02  Lair  
  37  4:05  Spore Crawler  
  36  4:16  Drone x2  
  39  4:17  Drone x2  
  39  4:21  Spore Crawler  
  39  4:25  Zerg Missile Weapons Level 1  
  39  4:28  Roach  
  39  4:29  Overlord x2  
  39  4:30  Drone  
  42  4:40  Evolution Chamber  
  42  4:45  Drone  
  42  4:46  Overlord  
  42  4:47  Overlord  
  42  4:53  Drone  
  42  4:54  Drone x3  
  46  5:02  Roach x2  
  50  5:08  Roach  
  50  5:09  Roach x2  
  56  5:35  Roach x3  
  60  5:36  Roach x2  
  64  5:49  Roach x2  
  66  5:56  Roach  
  64  6:08  Drone x2  
  66  6:16  Overlord x2  
  66  6:28  Extractor  
  66  6:29  Queen  
  66  6:30  Extractor  
  66  6:34  Evolution Chamber  
  66  6:37  Spine Crawler  
  64  6:51  Zerg Ground Armor Level 1  
  64  6:52  Glial Reconstitution  
  64  6:59  Spire  
  64  7:01  Zerg Missile Weapons Level 2  
  63  7:03  Drone x3  
  66  7:16  Roach x4  
  66  7:17  Roach x2  
  66  7:19  Overseer  
  78  7:30  Spine Crawler  
  78  7:31  Overlord  
  78  7:32  Overlord x2  
  77  8:06  Drone x11  
  88  8:26  Spore Crawler  
  87  8:28  Drone x2  
  87  8:31  Extractor, Drone x2  
  87  8:32  Drone x2  
  92  8:52  Drone x5  
  92  8:54  Mutalisk x4  
  105  9:02  Overlord x2  
  105  9:05  Queen, Extractor  
  105  9:09  Queen  
  86  9:21  Zergling x2  
  86  9:22  Zergling x14  
  86  9:26  Roach  
  86  9:44  Queen  
  84  9:59  Roach x5  
  104  10:00  Roach x5  
  104  10:03  Zerg Flyer Weapons Level 1  
  104  10:10  Spine Crawler  
  103  10:15  Metabolic Boost  
  103  10:16  Spine Crawler  
  103  10:20  Infestation Pit  
  101  10:26  Roach, Hydralisk Den  
  101  10:27  Roach x7  
  116  10:34  Mutalisk  
  118  10:40  Queen  
  81  11:16  Hydralisk, Swarm Host  
  81  11:17  Hydralisk x10  
  65  12:03  Hydralisk  
  65  12:04  Hydralisk x9  
  85  12:10  Muscular Augments  
  85  12:11  Zerg Flyer Armor Level 1  
  85  12:12  Corruptor x2  
  84  12:29  Swarm Host  
  84  12:32  Zergling x12  
  93  13:00  Zergling x2  
  93  13:01  Zergling x8  
  93  13:03  Overlord  
  93  13:04  Extractor, Overlord x3  
  97  13:06  Hatchery  
  97  13:09  Queen  
  97  13:10  Extractor  
  97  13:21  Hydralisk x2, Queen  
  97  13:22  Hydralisk x4  
  97  13:24  Lurker Den  
  97  13:26  Overlord x2  
  108  13:39  Corruptor x4  
  116  13:44  Queen, Zergling x4  
  122  14:06  Corruptor x3  
  128  14:15  Hive  
  98  15:00  Drone x2  
  98  15:01  Drone x10  
  110  15:13  Drone x3  
  113  15:14  Queen  
  115  15:21  Hydralisk  
  115  15:22  Hydralisk x4  
  115  15:24  Overlord x2  
  125  15:31  Zerg Ground Armor Level 2  
  125  15:47  Drone x3  
  128  15:50  Queen  
  128  15:51  Roach  
  128  15:52  Roach x6  
  128  15:55  Greater Spire  
  144  16:21  Hydralisk  
  144  16:22  Hydralisk x8  
  144  16:25  Drone  
  163  16:27  Overlord  
  163  16:31  Overlord x5  
  163  16:48  Queen  
  165  17:13  Brood Lord x5  
  165  17:14  Hatchery  
  165  17:15  Hatchery  
  173  17:20  Brood Lord  
  161  17:55  Hydralisk  
  161  17:56  Hydralisk x12  
  187  18:15  Lurker  
  184  18:35  Lurker  
Show
View Real Time Build Order
Export as new Build Order

Jake Terran 

Build Orders: MMM Bio 

Get SALT Encoding   

  12  0:01  SCV  
  13  0:13  SCV  
  14  0:17  Supply Depot  
  14  0:28  SCV  
  15  0:41  Barracks  
  15  0:43  SCV  
  16  0:55  SCV  
  17  1:08  SCV  
  18  1:14  Refinery  
  18  1:20  SCV  
  19  1:29  Supply Depot  
  20  1:40  Orbital Command  
  20  1:45  Marine  
  20  1:55  Barracks  
  20  2:04  Supply Depot  
  20  2:06  Barracks Reactor  
  20  2:09  SCV  
  21  2:21  SCV  
  22  2:35  SCV  
  23  2:47  SCV  
  23  2:50  Marine x2  
  27  2:52  Command Center  
  27  2:53  Barracks Tech Lab  
  26  2:59  SCV  
  27  3:07  Marine  
  27  3:08  Bunker, Marine  
  29  3:17  Stimpack  
  29  3:19  Marine  
  29  3:25  Marine  
  29  3:26  Marine  
  32  3:30  Factory  
  32  3:37  SCV, Marine  
  34  3:43  Marine x2  
  36  3:49  SCV  
  36  3:50  Supply Depot  
  36  3:55  Marine  
  37  4:01  Marine  
  39  4:04  Marine  
  39  4:08  SCV x2  
  42  4:13  Marine  
  42  4:15  Barracks  
  43  4:19  Marine  
  43  4:20  SCV  
  43  4:21  Marine  
  46  4:26  Factory Tech Lab  
  46  4:29  SCV  
  46  4:31  Marine  
  48  4:37  Marine  
  49  4:39  Marine  
  50  4:49  Marine  
  51  4:54  Marine  
  51  4:57  Marine  
  53  5:09  Marine  
  53  5:12  Marine  
  55  5:15  Marine  
  55  5:16  Supply Depot  
  55  5:20  Supply Depot  
  56  5:27  Marine  
  56  5:30  Marine  
  56  5:33  Marine  
  53  5:45  Marine  
  53  5:48  Marine  
  48  5:50  Marine  
  46  5:57  Siege Tank  
  46  6:03  Marauder  
  50  6:06  Marine  
  50  6:08  Marine  
  52  6:17  SCV  
  53  6:19  Orbital Command  
  53  6:23  Marine  
  53  6:24  Marine  
  55  6:26  Marine  
  55  6:28  Refinery  
  55  6:29  SCV  
  55  6:30  Siege Tank  
  58  6:41  Marine  
  58  6:42  Marine  
  58  6:44  Marine  
  54  6:59  Marine  
  54  7:00  Marine  
  55  7:02  Marine, Siege Tank  
  59  7:10  Refinery  
  59  7:12  Refinery  
  59  7:14  SCV  
  59  7:15  SCV  
  61  7:17  Marine  
  61  7:18  Marauder  
  61  7:20  Supply Depot, Marine  
  65  7:23  Combat Shields  
  65  7:26  Barracks Reactor  
  65  7:27  SCV x2  
  67  7:35  Marine  
  68  7:37  Marine  
  68  7:39  Marauder  
  71  7:51  Supply Depot  
  71  7:52  Marine  
  71  7:55  Marine  
  71  7:58  Supply Depot  
  73  8:01  Marauder  
  73  8:02  Siege Tank  
  78  8:07  Starport  
  78  8:10  Marine  
  79  8:13  Marine  
  79  8:14  SCV  
  79  8:15  SCV  
  82  8:20  Supply Depot  
  82  8:22  Marauder  
  82  8:26  SCV  
  82  8:27  SCV  
  86  8:28  Marine x3  
  86  8:31  Marine  
  90  8:34  Siege Tank  
  90  8:39  SCV x2  
  95  8:44  Marauder  
  95  8:45  Supply Depot  
  95  8:46  Marine x3  
  95  8:48  Supply Depot  
  100  8:49  Marine  
  100  8:51  SCV x2  
  100  8:53  Starport Tech Lab  
  103  9:04  Marine x3  
  103  9:05  Marauder  
  103  9:07  Marine, Siege Tank  
  93  9:21  Marine x2  
  93  9:22  Marine  
  93  9:24  Marine  
  93  9:26  Marauder  
  96  9:39  Marine x3, Siege Tank  
  96  9:42  Marine  
  100  9:47  Marine  
  89  9:57  Marine x3  
  92  10:00  Marine, Banshee  
  92  10:06  Marauder  
  98  10:12  SCV x2  
  100  10:15  Marine x3  
  100  10:18  Marine  
  104  10:24  SCV  
  104  10:27  Marauder  
  107  10:33  Marine x3  
  110  10:36  Marine  
  111  10:43  Banshee  
  111  10:48  Marauder  
  115  10:50  Marine  
  115  10:51  Marine x2  
  111  11:10  Marauder  
  95  11:12  Marine x4  
  85  11:25  Banshee  
  85  11:29  Marine  
  85  11:30  Marine x3  
  85  11:31  Marauder  
  86  11:47  Marine  
  86  11:48  Marine x3  
  86  11:53  Marauder  
  84  11:56  Siege Tank  
  75  12:05  Marine x3  
  75  12:06  Marine  
  75  12:08  Banshee  
  75  12:14  Marauder  
  75  12:23  Marine x3  
  75  12:28  Siege Tank  
  78  12:35  Marauder  
  78  12:36  Marine  
  81  12:41  Marine x3  
  84  12:51  Banshee  
  84  12:54  Marine  
  84  12:57  Marauder  
  90  12:59  Marine x3  
  90  13:00  Siege Tank  
  96  13:18  Marauder  
  98  13:21  Command Center  
  98  13:32  Siege Tank  
  101  13:34  Banshee  
  101  13:39  Marauder  
  106  14:01  Marauder  
  108  14:04  Siege Tank  
  111  14:11  Command Center  
  111  14:12  SCV x2  
  111  14:16  Marine  
  114  14:17  Banshee  
  114  14:22  Marauder  
  96  14:37  Siege Tank  
  84  14:52  Marauder, Marine x3  
  69  14:53  Marine  
  67  15:00  Banshee  
  70  15:10  Marine x3  
  70  15:13  Marauder  
  75  15:14  Command Center  
  75  15:27  Marine x2  
  75  15:28  Marine x2  
  77  15:30  Command Center  
  77  15:35  Marauder  
  81  15:45  Marine x2  
  81  15:46  Command Center, Marine  
  84  15:50  Marine  
  84  15:56  SCV, Marauder  
  88  16:02  Marine  
  88  16:03  Marine  
  88  16:04  Marine  
  91  16:07  Marine  
  92  16:11  Starport  
  92  16:18  Marauder  
  94  16:20  Concussive Shells  
  94  16:25  Engineering Bay  
  94  16:31  Factory  
  94  16:36  Viking  
  94  16:39  Marauder  
  98  16:40  Marine x3  
  98  16:41  Marine  
  102  17:00  Marauder  
  104  17:06  Viking  
  106  17:09  SCV x3  
  106  17:10  SCV x2  
  106  17:11  SCV x2  
  106  17:12  Marine x3  
  116  17:21  Factory Tech Lab  
  116  17:22  Marauder  
  118  17:28  Starport Reactor  
  118  17:32  Barracks  
  118  17:36  Viking  
  103  17:43  Marauder  
  79  18:03  Cyclone x2  
  79  18:05  Marauder  
  87  18:06  Viking  
  87  18:07  Marine  
  87  18:08  Marine x3  
  93  18:25  Marine x2  
  93  18:26  Marine x2  
Tags
 
Composition
MMM Bio
League
Gold
Matchup
TvZ
Opening
Pool First
Spawn Locations
Cross Positions
Add a new tag
Caveats
  • Supply blocks, unpowered buildings, or Contaminate may cause inaccurate times.
  • Supply counts are checked every 10 seconds.